 Dungeon Crawl Stone Soup version bcrawl-1.36.3 (webtiles) character file.

Game seed: 14016474042866037314

319802 BreqofToren the Zephyrmancer (level 10, -7/56 HPs)
             Began as a Fairy Air Elementalist on June 17, 2022.
             Was a Priest of Sif Muna.
             Mangled by a komodo dragon (16 damage)
             ... on level 1 of the Lair of Beasts on June 18, 2022.
             The game lasted 00:43:25 (7661 turns).

BreqofToren the Zephyrmancer (FrAE)                 Turns: 7661, Time: 00:43:26

Health: -7/56      AC: 13    Str: 11    XL:     10   Next: 47%
Magic:  4/25       EV: 20    Int: 22    God:    Sif Muna [***...]
Gold:   591        SH:  6    Dex: 13    Spells: 11/27 levels left

rFire    . . .     SeeInvis .   p - +12 quarterstaff "Jugi" {vamp, rElec rPois MR+ Str+5}
rCold    . . .     Gourm    .   (shield currently unavailable)
rNeg     . . .     Faith    +   (armour unavailable)
rPois    +         Spirit   .   g - +2 helmet
rElec    +         Reflect  .   o - +2 cloak {rPois}
rCorr    .                      a - +0 pair of gloves
MR       ++...                  (no boots)
Stlth    +++.......             r - amulet of faith
HPRegen  0.18/turn              f - ring of wizardry
MPRegen  0.19/turn              d - ring of stealth

@: flying evasively, very slightly contaminated
A: small, magic attunement, unstealthy, unfitting armour, able to fly, AC/SH +6
a: Stop Flying, Divine Energy, Channel Magic, Renounce Religion


You were on level 1 of the Lair of Beasts.
You worshipped Sif Muna.
Sif Muna was most pleased with you.
You were not hungry.

You visited 3 branches of the dungeon, and saw 10 of its levels.

You collected 591 gold pieces.

Inventory:

Hand Weapons
 p - the +12 quarterstaff "Jugi" (weapon) {vamp, rElec rPois MR+ Str+5}
   (You found it on level 7 of the Dungeon)

   It inflicts no extra harm, but heals its wielder when it wounds a living foe.
   It affects your strength (+5).
   It insulates you from electricity.
   It protects you from poison.
   It affects your resistance to hostile enchantments.
Armour
 a - a +0 pair of gloves (worn)
 g - a +2 helmet (worn)
 o - a +2 cloak of poison resistance (worn)
Jewellery
 d - a ring of stealth (right hand)
 f - a ring of wizardry (left hand)
 r - an amulet of faith (around neck)
 s - an uncursed amulet of guardian spirit
Wands
 n - a wand of polymorph (3)
 q - a wand of random effects (8)
Scrolls
 k - a scroll of magic mapping
 l - 4 scrolls of remove curse
 t - a scroll of teleportation
Potions
 c - a potion of ambrosia
 h - a potion of cancellation {unknown}
 i - a potion of might {unknown}
 j - 4 potions of curing
 m - 2 potions of haste {unknown}
Comestibles
 e - 12 rations {!d}
 u - 6 chunks of flesh


   Skills:
 + Level 1.0 Staves
 + Level 7.3 Dodging
 - Level 1.5 Stealth
 * Level 9.2 Spellcasting
 * Level 8.9 Conjurations
 * Level 9.5 Air Magic
 * Level 3.5 Earth Magic
 + Level 3.0 Invocations
 + Level 3.7 Evocations


You had 11 spell levels left.
You knew the following spells:

 Your Spells              Type           Power        Failure   Level  Hunger
a - Shock                 Conj/Air       #####        1%          1    None
b - Airstrike             Air            ######....   1%          4    None
c - Iron Shot             Conj/Erth      #####.....   30%         6    None
d - Lightning Bolt        Conj/Air       ######....   1%          5    None

Your spell library contained the following spells:

 Spells                   Type           Power        Failure   Level  Hunger
 Sandblast                Erth           ####..       1%          1    None
 Swiftness                Chrm/Air       ####....     1%          2    None
 Static Discharge         Air            ######..     1%          3    None
 Apportation              Tloc           ##....       2%          1    None
 Corona                   Hex            ##.....      2%          1    None
 Infusion                 Chrm           ##......     2%          1    None
 Slow                     Hex            ##......     2%          1    None
 Summon Butterflies       Summ           ##......     2%          1    None
 Fulminant Prism          Conj/Hex       ####......   4%          4    None
 Tukima's Dance           Hex            ##......     9%          3    None
 Chain Lightning          Conj/Air       ######....   98%         8    None


Dungeon Overview and Level Annotations

Branches:
Dungeon (8/12)             Temple (1/1) D:6            Lair (1/6) D:7
    Orc: D:8-11

Altars:
Ashenzari
Cheibriados
Dithmenos
Elyvilon
Fedhas
Hepliaklqana
Kikubaaqudgha
Lugonu
Makhleb
Nemelex Xobeh
Okawaru
Qazlal
Ru
Sif Muna
Trog
Uskayaw
Vehumet
Wu Jian
Yredelemnul
Zin
The Shining One


Innate Abilities, Weirdness & Mutations

Your spells do not cause hunger and MP costs are reduced by 1.
Your bright wings attract enemies. (Stealth-)
You cannot fit into any form of body armour.
Your shimmering scales are hard and can block incoming attacks. (AC +6, SH +6)
You are small and have problems with some larger weapons.
You can fly continuously.


Message History

The zap hits the komodo dragon.
The komodo dragon is moderately wounded.
The komodo dragon closely misses you.
The komodo dragon completely misses you.
Casting: Shock (safe; 1% risk of failure)
Confirm with . or Enter, or press ? or * to list all spells.
Aiming: Airstrike (safe; 1% risk of failure)
Press: ? - help, Dir - move target cursor, f - komodo dragon
Aim: a komodo dragon (moderately wounded)
The air twists around and strikes the komodo dragon.
The komodo dragon is moderately wounded.
The komodo dragon barely misses you. The komodo dragon misses you.
That item cannot be evoked!
Evoke which item? (* to show all) (? for menu, Esc to quit)
Aiming: Polymorph
Press: ? - help, Shift-Dir - straight line, f/p - komodo dragon
Aim: a komodo dragon (moderately wounded, chance to defeat MR: 41%)
The komodo dragon resists with some effort.
The komodo dragon closely misses you. The komodo dragon bites you!
You die...

# †≈≈≈≈≈. #. ≈.≈.#..
... †......
....####.......
...............
............#
...####†..### #ll.#
.... ##@..# ......
#....# .....# ##...#
##.....# .#.##...#
##......#
.........####.......#
..#.#......#........#
# ##..............#
#..............#
#..............#


You could see 2 komodo dragons.

Vanquished Creatures
  The ghost of zoran the Covered, a novice HOWn (D:6)
  A komodo dragon (Lair:1)
  2 hippogriffs
  Sigmund (D:5)
  A basilisk (Lair:1)
  Menkaure (D:7)
  A water moccasin (Lair:1)
  3 orc warriors
  2 porcupines
  A black bear (D:7)
  2 hornet zombies
  A sky beast (D:5)
  3 ogres
  6 phantoms
  4 bullfrogs
  A big kobold (D:6)
  3 centaurs
  An orc priest (D:6)
  A crimson imp (D:4)
  3 hounds
  2 bullfrog skeletons
  Crazy Yiuf (D:2)
  An iron imp (D:7)
  2 jellies
  5 orc wizards
  5 iguanas
  7 worker ants
  Robin (D:3)
  A howler monkey skeleton (D:4)
  8 adders
  2 shadow imps
  2 oozes (D:1)
  An adder zombie (D:5)
  6 worms
  4 dart slugs
  3 leopard geckos
  17 orcs
  3 giant cockroaches
  6 goblins
  10 hobgoblins
  9 jackals
  15 kobolds
  3 quokkas
  8 bats
  4 frilled lizards
  A jackal skeleton (D:4)
  A quokka skeleton (D:4)
  A quokka zombie (D:5)
  5 rats
  A fungus (D:7)
174 creatures vanquished.

Vanquished Creatures (others)
  An orc wizard (D:7)
  A fungus (D:7)
  2 plants (Lair:1)
4 creatures vanquished.

Grand Total: 178 creatures vanquished

Notes
Turn   | Place    | Note
-------+----------+-------------------------------------------
     0 | D:1      | BreqofToren the Fairy Air Elementalist began the quest for
                  | the Orb.
     0 | D:1      | Reached XP level 1. HP: 11/11 MP: 6/6
   211 | D:1      | Reached XP level 2. HP: 17/17 MP: 7/7
   414 | D:1      | Reached XP level 3. HP: 21/21 MP: 9/9
  1309 | D:2      | Reached XP level 4. HP: 27/27 MP: 11/11
  1556 | D:2      | Found a shattered altar of Ashenzari.
  1619 | D:2      | Found a hide-covered altar of Uskayaw.
  1891 | D:2      | Found a runed door.
  1895 | D:2      | Noticed Crazy Yiuf
  1898 | D:2      | Killed Crazy Yiuf
  2026 | D:3      | Reached XP level 5. HP: 31/31 MP: 11/13
  2275 | D:3      | Noticed Robin
  2277 | D:3      | Killed Robin
  2328 | D:3      | Noticed a bullfrog
  2339 | D:3      | Killed a bullfrog
  2340 | D:3      | Reached skill level 5 in Air Magic
  2340 | D:3      | Reached XP level 6. HP: 18/36 MP: 14/14
  2616 | D:3      | Found a white marble altar of Elyvilon.
  2616 | D:3      | Found an iron altar of Okawaru.
  3010 | D:4      | Reached skill level 5 in Spellcasting
  3242 | D:4      | Reached XP level 7. HP: 41/41 MP: 16/16
  3317 | D:4      | Reached skill level 5 in Conjurations
  3322 | D:4      | Learned a level 4 spell: Airstrike
  3759 | D:5      | Entered Level 5 of the Dungeon
  4063 | D:5      | Reached skill level 5 in Dodging
  4195 | D:5      | Reached XP level 8. HP: 46/46 MP: 19/19
  4275 | D:5      | Noticed Sigmund
  4281 | D:5      | Killed Sigmund
  4561 | D:6      | Reached skill level 1 in Evocations
  4689 | D:6      | Found a staircase to the Ecumenical Temple.
  4698 | Temple   | Entered the Ecumenical Temple
  5050 | Temple   | Became a worshipper of Sif Muna the Loreminder
  5122 | D:6      | Reached XP level 9. HP: 5/51 MP: 9/22
  5347 | D:6      | Found a runed translucent door.
  5347 | D:6      | Noticed zoran's ghost (novice HOWn)
  5367 | D:6      | Reached * piety under Sif Muna
  5367 | D:6      | Reached skill level 1 in Invocations
  5691 | D:6      | Killed zoran's ghost
  5692 | D:6      | Identified Sif Muna's Handbook of Enthralling Conjuration
                  | (Sif Muna gifted it to you on level 6 of the Dungeon)
  5692 | D:6      | Received a gift from Sif Muna
  5708 | D:6      | Learned a level 6 spell: Iron Shot
  5714 | D:6      | Learned a level 5 spell: Lightning Bolt
  5869 | D:7      | Reached ** piety under Sif Muna
  5887 | D:7      | Reached skill level 1 in Earth Magic
  6002 | D:7      | Noticed Menkaure
  6005 | D:7      | Killed Menkaure
  6006 | D:7      | Reached XP level 10. HP: 56/56 MP: 14/24
  6149 | D:7      | Found a stormy altar of Qazlal.
  6528 | D:7      | Got an ancient quarterstaff
  6545 | D:7      | Found a stormy altar of Qazlal.
  6661 | D:7      | Found a snail-covered altar of Cheibriados.
  6667 | D:7      | Reached *** piety under Sif Muna
  6888 | D:7      | Found a staircase to the Lair.
  7256 | D:7      | Identified the +12 quarterstaff "Jugi" {vamp, rElec rPois
                  | MR+ Str+5} (You found it on level 7 of the Dungeon)
  7368 | D:8      | Found a sacrificial altar of Ru.
  7466 | Lair:1   | Entered Level 1 of the Lair of Beasts
  7652 | Lair:1   | Reached skill level 1 in Staves
  7661 | Lair:1   | Mangled by a komodo dragon

Skill      XL: |  1  2  3  4  5  6  7  8  9 10 |
---------------+-------------------------------+-----
Spellcasting   | 3 4 5 6 7 8 9 |  9.2
Dodging        | 3 4 5 6 7 |  7.3
Air Magic      | 4 5 6 7 9 |  9.5
Conjurations   | 2 3 4 5 7 8 |  8.9
Evocations     | 1 3 |  3.7
Invocations    | 2 3 |  3.0
Earth Magic    | 1 3 |  3.5
Staves         | 1 |  1.0
Stealth        | |  1.5

Action                   |  1- 3 |  4- 6 |  7- 9 | 10-12 || total
-------------------------+-------+-------+-------+-------++-------
Melee: Unarmed           |       |       |     2 |       ||     2
       Quarterstaff      |       |       |       |     1 ||     1
 Cast: Shock             |    96 |   148 |   150 |    28 ||   422
       Airstrike         |       |       |    48 |    48 ||    96
       Lightning Bolt    |       |       |       |     4 ||     4
Evoke: Wand              |       |       |       |     1 ||     1
  Use: Scroll            |     4 |     5 |     3 |     4 ||    16
       Potion            |       |       |       |     1 ||     1
  Eat: Chunk             |     1 |     6 |    10 |     4 ||    21
       Ration            |       |       |       |     2 ||     2
Armor: Skin              |     2 |     9 |    20 |     3 ||    34
Dodge: Dodged            |    15 |    37 |    55 |    18 ||   125
Block: Other             |     5 |    10 |    12 |     5 ||    32
